Blue Jackets vs Senateurs

Created - April 12, 2020 at 19:12

Goals
1 2 3 T
Blue Jackets 0 2 4 6
Senateurs 0 4 0 4
Shots
1 2 3 T
Blue Jackets 13 11 11 35
Senateurs 7 12 11 30

1st period

No Goal

Penalties :
Arturs Kulda (Ott) for Hooking (Minor) at 8:40, Mike Lundin (Clb) for High sticking (Minor) at 14:16

2nd period

1. Senateurs , Evgeni Malkin 31 (Mark Giordano 11, Phil Kessel 50) at 4:17
2. Blue Jackets , Devin Setoguchi 13 (Mike Lundin 41, Max Pacioretty 21) at 8:52
3. Senateurs , Daniel Sedin 21 (Daniel Briere 20) at 10:11 (PP)
4. Blue Jackets , Mike Comrie 13 (Branislav Mezei 18) at 15:15 (PP)
5. Senateurs , Michel Ouellet 3 (Evgeni Malkin 47) at 18:26
6. Senateurs , Phil Kessel 36 (Evgeni Malkin 48, Jamie Benn 32) at 18:30

Penalties :
Peter Mueller (Clb) for Delaying the game (Minor) at 1:29, Cam Fowler (Clb) for Tripping (Minor) at 9:39, Stephane Da Costa (Ott) for Hooking (Minor) at 11:17, Evgeni Malkin (Ott) for Tripping (Minor) at 14:32

3rd period

7. Blue Jackets , Martin Havlat 30 (Derek Boogaard 34) at 2:12
8. Blue Jackets , Derek Boogaard 27 (Mike Comrie 23, Mike Lundin 42) at 13:49 (PP)
9. Blue Jackets , Eric Wellwood 13 (Andreas Nodl 12, Cam Fowler 24) at 16:32
10. Blue Jackets , Cody Eakin 8 (Branislav Mezei 19, A.J Thelen 7) at 19:09 (Empty Net)

Penalties :
Colby Armstrong (Ott) for Tripping (Minor) at 3:16, Rob Scuderi (Clb) for Holding (Minor) at 7:56, Ryan Hollweg (Ott) for Tripping (Minor) at 10:32, Cody Franson (Ott) for Tripping (Minor) at 13:39, Branislav Mezei (Clb) for Holding (Minor) at 16:49

Goalie Stats

Andrei Vasilevskiy (Clb), 12 saves from 12 shots - (1.000), W, 2-6-1, 21:30 minutes
Rick DiPietro (Clb), 14 saves from 18 shots - (0.778), 38:30 minutes
Jaroslav Halak (Ott), 29 saves from 34 shots - (0.853), L, 22-25-3, 59:44 minutes

Players Stats for Blue Jackets

Player Name              G  A  P  +/- PIM S  H  SB GA TA FO     MP     PP MP  PK MP  
------------------------------------------------------------------------------------
A.J Thelen               0  1  1   0  0   0  2  0  0  0  0/0    14:46   0:00   2:51 
Andreas Nodl             0  1  1  -1  0   2  2  1  0  0  0/1    12:54   0:32   0:00 
Branislav Mezei          0  2  2   1  2   1  2  1  0  0  0/0    18:27   3:19   2:56 
Cam Fowler               0  1  1   1  2   1  2  1  0  0  0/0    27:27   5:30   4:37 
Christian Hanson         0  0  0   0  0   0  1  0  0  1  1/5     5:06   0:00   0:00 
Cody Eakin               1  0  1   1  0   6  2  0  0  0  4/8    12:31   0:06   0:57 
Dalton Prout             0  0  0  -1  0   0  1  0  0  0  0/0    11:44   0:00   0:03 
Derek Boogaard           1  1  2   0  0   5  1  0  0  1  4/6    25:20   4:32   3:52 
Devin Setoguchi          1  0  1   1  0   3  4  1  0  0  1/2    18:13   3:51   2:19 
Eric Wellwood            1  0  1  -1  0   3  1  1  0  0  0/0    14:57   0:00   2:33 
Martin Havlat            1  0  1   0  0   3  4  1  0  1  1/2    20:40   4:52   2:19 
Max Pacioretty           0  1  1   1  0   0  2  0  0  0  0/0    20:05   3:45   4:18 
Mike Comrie              1  1  2   0  0   3  0  0  0  0  5/28   18:20   4:52   0:00 
Mike Lundin              0  2  2   1  2   2  1  1  0  1  0/0    28:01   5:30   3:26 
Peter Mueller            0  0  0   0  2   6  1  0  0  0  5/11   16:41   3:51   0:00 
Rob Scuderi              0  0  0   1  2   0  1  0  0  1  0/0    18:10   3:19   2:51 
Ryan Wilson              0  0  0   1  0   0  0  0  0  0  0/0     2:52   0:00   0:50 
Tyler Kennedy            0  0  0   0  0   0  1  0  0  2  0/0     5:13   0:06   0:00 

Players Stats for Senateurs

Player Name              G  A  P  +/- PIM S  H  SB GA TA FO     MP     PP MP  PK MP  
------------------------------------------------------------------------------------
Arturs Kulda             0  0  0   0  2   0  0  0  0  0  0/0     1:50   0:00   0:00 
Carlo Colaiacovo         0  0  0   1  0   2  2  0  0  0  0/0    10:35   0:00   0:00 
Cody Franson             0  0  0   0  2   2  3  0  0  0  0/0    20:26   2:56   3:53 
Colby Armstrong          0  0  0  -1  2   0  1  0  0  0  0/0    15:25   3:41   0:00 
Daniel Briere            0  1  1  -1  0   3  2  0  0  0  8/15   19:35   3:41   2:44 
Daniel Sedin             1  0  1  -1  0   1  0  0  0  0  0/0    16:07   3:41   0:40 
Dion Phaneuf             0  0  0  -2  0   3  0  2  0  0  0/0    28:58   5:32   4:56 
Duncan Keith             0  0  0  -2  0   2  2  2  0  0  0/0    27:11   5:32   4:56 
Evgeni Malkin            1  2  3   3  2   5  1  0  2  0  26/35  25:09   4:29   4:03 
Jamie Benn               0  1  1   2  0   1  0  1  0  0  1/1    21:39   4:31   3:17 
Mark Giordano            0  1  1   1  0   0  1  1  0  0  0/0    10:35   0:00   0:00 
Michel Ouellet           1  0  1   0  0   2  1  0  0  0  0/0     5:52   0:16   0:00 
Nate Prosser             0  0  0   0  0   1  1  0  1  0  0/0    20:27   2:56   3:53 
Phil Kessel              1  1  2   2  0   5  2  1  3  0  1/1    23:01   4:31   4:43 
Radim Vrbata             0  0  0  -3  0   0  1  0  0  0  1/1    12:26   0:16   0:00 
Ryan Hollweg             0  0  0   1  2   0  0  0  0  0  1/2     7:19   0:00   1:55 
Sergei Kostitsyn         0  0  0  -3  0   3  0  0  1  0  0/0    12:33   0:18   0:00 
Stephane Da Costa        0  0  0  -2  2   0  1  0  0  0  4/8    11:57   0:00   0:16 

3 Stars

1 - Evgeni Malkin (Ott)
2 - Phil Kessel (Ott)
3 - Devin Setoguchi (Clb)

Power Play

Blue Jackets - 2 on 6 Attempt(s) - 33.33%
Senateurs - 1 on 5 Attempt(s) - 20.00%

Penalty Kill

Blue Jackets - 4 on 5 Attempt(s) - 80.00% - Score 0 goal in Penalty Kill
Senateurs - 4 on 6 Attempt(s) - 66.67% - Score 0 goal in Penalty Kill

Team Stat

Blue Jackets - Hits : 28 - Faceoff Wins : 21 - Blocked Shots : 7 - Penalty Minutes : 10
Senateurs - Hits : 18 - Faceoff Wins : 42 - Blocked Shots : 7 - Penalty Minutes : 12

Official

Referees : Unknown
Linesman : Unknown

Game Notes

8:52 of 2nd period - Blue Jackets goal is going for a video replay. After video review, Goal.
Andrei Vasilevskiy enters game at 18:30 of 2nd period
Cody Eakin has scored in a empty net!

Finance

Level 1 -- Attendance: 5911 (98.52%) -- Ticket Income $608,833
Level 2 -- Attendance: 4114 (82.28%) -- Ticket Income $279,752
Level 3 -- Attendance: 1631 (81.55%) -- Ticket Income $70,133
Level 4 -- Attendance: 3677 (91.93%) -- Ticket Income $102,956
Luxury Box -- Attendance: 1000 (100.00%) -- Ticket Income $180,000
Game was played at the Place Banque Scotia.
Total Attendance: 16333 (90.74%)
Total Ticket Income: $1,241,674
Other Income: $186,251
Total Income: $1,427,925

Blue Jackets

5 vs 5 Forward 
   Center                   Left Wing                Right Wing               Time % Phy DF OF 
 1 Mike Comrie              Derek Boogaard           Martin Havlat            40     1   2  2  
 2 Peter Mueller            Max Pacioretty           Devin Setoguchi          30     1   2  2  
 3 Cody Eakin               Eric Wellwood            Andreas Nodl             20     1   2  2  
 4 Christian Hanson         Derek Boogaard           Tyler Kennedy            10     1   2  2  

5 vs 5 Defense 
   Defense                  Defense                                           Time % Phy DF OF 
 1 Mike Lundin              Cam Fowler                                        40     1   2  2  
 2 Branislav Mezei          Rob Scuderi                                       30     1   2  2  
 3 Dalton Prout             A.J Thelen                                        20     1   2  2  
 4 Ryan Wilson              Mike Lundin                                       10     1   2  2  

PowerPlay Forward 
   Center                   Left Wing                Right Wing               Time % Phy DF OF 
 1 Mike Comrie              Derek Boogaard           Martin Havlat            60     1   2  2  
 2 Peter Mueller            Max Pacioretty           Devin Setoguchi          40     1   2  2  

PowerPlay Defense
   Defense                  Defense                                           Time % Phy DF OF 
 1 Mike Lundin              Cam Fowler                                        60     1   2  2  
 2 Branislav Mezei          Rob Scuderi                                       40     1   2  2  

Penalty Kill 4 Players Forward 
   Center                   Wing                     Time % Phy DF OF 
 1 Derek Boogaard           Max Pacioretty           60     1   2  2  
 2 Martin Havlat            Devin Setoguchi          40     1   2  2  

Penalty Kill 4 Players Defense
   Defense                  Defense                  Time % Phy DF OF 
 1 Mike Lundin              Cam Fowler               60     1   2  2  
 2 Branislav Mezei          Rob Scuderi              40     1   2  2  

Penalty Kill - 3 Players Forward 
   Forward                                           Time % Phy DF OF 
 1 Derek Boogaard                                    60     1   2  2  
 2 Max Pacioretty                                    40     1   2  2  

Penalty Kill - 3 Players Defense
   Defense                  Defense                  Time % Phy DF OF 
 1 Mike Lundin              Cam Fowler               60     1   2  2  
 2 Branislav Mezei          Rob Scuderi              40     1   2  2  

4 vs 4 Forward 
   Center                   Wing                     Time % Phy DF OF 
 1 Derek Boogaard           Max Pacioretty           60     1   2  2  
 2 Martin Havlat            Devin Setoguchi          40     1   2  2  

4 vs 4 Defense
   Defense                  Defense                  Time % Phy DF OF 
 1 Mike Lundin              Cam Fowler               60     1   2  2  
 2 Branislav Mezei          Rob Scuderi              40     1   2  2  

Last Minutes Offensive
   Center                   Left Wing                Right Wing               Defense                  Defense                  
   Mike Comrie              Derek Boogaard           Martin Havlat            Mike Lundin              Cam Fowler               

Last Minutes Defensive
   Center                   Left Wing                Right Wing               Defense                  Defense                  
   Mike Comrie              Derek Boogaard           Martin Havlat            Mike Lundin              Cam Fowler               

Goaltenders
Starting : Rick DiPietro            
Backup : Andrei Vasilevskiy       

Extra Forwards
Normal : Andreas Nodl, Cody Eakin, Eric Wellwood - PP : Andreas Nodl, Cody Eakin - PK : Eric Wellwood
Extra Defensemen
Normal : Dalton Prout, A.J Thelen, Ryan Wilson - PP : Dalton Prout - PK : A.J Thelen, Ryan Wilson
Penalty Shots
Derek Boogaard, Max Pacioretty, Martin Havlat, Devin Setoguchi, Mike Comrie

Scratches
Artemi Panarin (Healthy), Pavel Datsyuk (Torn Left Knee Ligaments Injury)

Senateurs

5 vs 5 Forward 
   Center                   Left Wing                Right Wing               Time % Phy DF OF 
 1 Evgeni Malkin            Jamie Benn               Phil Kessel              40     1   2  2  
 2 Daniel Briere            Daniel Sedin             Colby Armstrong          30     1   2  2  
 3 Stephane Da Costa        Sergei Kostitsyn         Radim Vrbata             20     1   2  2  
 4 Evgeni Malkin            Ryan Hollweg             Michel Ouellet           10     1   2  2  

5 vs 5 Defense 
   Defense                  Defense                                           Time % Phy DF OF 
 1 Dion Phaneuf             Duncan Keith                                      40     1   2  2  
 2 Cody Franson             Nate Prosser                                      30     1   2  2  
 3 Mark Giordano            Carlo Colaiacovo                                  20     1   2  2  
 4 Arturs Kulda             Dion Phaneuf                                      10     1   2  2  

PowerPlay Forward 
   Center                   Left Wing                Right Wing               Time % Phy DF OF 
 1 Evgeni Malkin            Jamie Benn               Phil Kessel              60     1   2  2  
 2 Daniel Briere            Daniel Sedin             Colby Armstrong          40     1   2  2  

PowerPlay Defense
   Defense                  Defense                                           Time % Phy DF OF 
 1 Dion Phaneuf             Duncan Keith                                      60     1   2  2  
 2 Cody Franson             Nate Prosser                                      40     1   2  2  

Penalty Kill 4 Players Forward 
   Center                   Wing                     Time % Phy DF OF 
 1 Evgeni Malkin            Phil Kessel              60     1   2  2  
 2 Daniel Briere            Jamie Benn               40     1   2  2  

Penalty Kill 4 Players Defense
   Defense                  Defense                  Time % Phy DF OF 
 1 Dion Phaneuf             Duncan Keith             60     1   2  2  
 2 Cody Franson             Nate Prosser             40     1   2  2  

Penalty Kill - 3 Players Forward 
   Forward                                           Time % Phy DF OF 
 1 Evgeni Malkin                                     60     1   2  2  
 2 Phil Kessel                                       40     1   2  2  

Penalty Kill - 3 Players Defense
   Defense                  Defense                  Time % Phy DF OF 
 1 Dion Phaneuf             Duncan Keith             60     1   2  2  
 2 Cody Franson             Nate Prosser             40     1   2  2  

4 vs 4 Forward 
   Center                   Wing                     Time % Phy DF OF 
 1 Evgeni Malkin            Phil Kessel              60     1   2  2  
 2 Daniel Briere            Jamie Benn               40     1   2  2  

4 vs 4 Defense
   Defense                  Defense                  Time % Phy DF OF 
 1 Dion Phaneuf             Duncan Keith             60     1   2  2  
 2 Cody Franson             Nate Prosser             40     1   2  2  

Last Minutes Offensive
   Center                   Left Wing                Right Wing               Defense                  Defense                  
   Evgeni Malkin            Jamie Benn               Phil Kessel              Dion Phaneuf             Duncan Keith             

Last Minutes Defensive
   Center                   Left Wing                Right Wing               Defense                  Defense                  
   Evgeni Malkin            Jamie Benn               Phil Kessel              Dion Phaneuf             Duncan Keith             

Goaltenders
Starting : Jaroslav Halak           
Backup : Roberto Luongo           

Extra Forwards
Normal : Sergei Kostitsyn, Radim Vrbata, Ryan Hollweg - PP : Sergei Kostitsyn, Radim Vrbata - PK : Ryan Hollweg
Extra Defensemen
Normal : Mark Giordano, Carlo Colaiacovo, Arturs Kulda - PP : Mark Giordano - PK : Carlo Colaiacovo, Arturs Kulda
Penalty Shots
Evgeni Malkin, Phil Kessel, Daniel Briere, Jamie Benn, Daniel Sedin

Scratches
Chris Kunitz (Healthy), Sidney Crosby (Healthy)

% Time on Ice - Blue Jackets

Lines # - Real PCT - Wanted PCT - Time Play
Normal Forward
1 - 34% - 40% - 14:44
2 - 28% - 30% - 12:03
3 - 25% - 20% - 10:50
4 - 12% - 10% - 5:06
Normal Defense
1 - 41% - 40% - 17:33
2 - 28% - 30% - 12:01
3 - 27% - 20% - 11:29
4 - 4% - 10% - 1:40
PP Forward
1 - 56% - 60% - 4:58
2 - 44% - 40% - 3:51
PP Defense
1 - 62% - 60% - 5:30
2 - 38% - 40% - 3:19
PK Forward
1 - 73% - 60% - 6:09
2 - 27% - 40% - 2:19
PK Defense
1 - 56% - 60% - 4:42
2 - 44% - 40% - 3:46
PK3 Forward
1 - 0% - 60%
2 - 0% - 40%
PK3 Defense
1 - 0% - 60%
2 - 0% - 40%
44 Forward
1 - 0% - 60%
2 - 0% - 40%
44 Defense
1 - 0% - 60%
2 - 0% - 40%
Last Minute Offensive  - 0:00
Last Minute Defensive  - 0:00
Total
Forward - 60:00
Defense - 60:00

% Time on Ice - Senateurs

Lines # - Real PCT - Wanted PCT - Time Play
Normal Forward
1 - 33% - 40% - 14:13
2 - 28% - 30% - 11:45
3 - 27% - 20% - 11:30
4 - 12% - 10% - 5:15
Normal Defense
1 - 39% - 40% - 16:43
2 - 32% - 30% - 13:38
3 - 25% - 20% - 10:35
4 - 4% - 10% - 1:47
PP Forward
1 - 56% - 60% - 4:47
2 - 44% - 40% - 3:41
PP Defense
1 - 65% - 60% - 5:32
2 - 35% - 40% - 2:56
PK Forward
1 - 81% - 60% - 7:08
2 - 19% - 40% - 1:41
PK Defense
1 - 56% - 60% - 4:56
2 - 44% - 40% - 3:53
PK3 Forward
1 - 0% - 60%
2 - 0% - 40%
PK3 Defense
1 - 0% - 60%
2 - 0% - 40%
44 Forward
1 - 0% - 60%
2 - 0% - 40%
44 Defense
1 - 0% - 60%
2 - 0% - 40%
Last Minute Offensive  - 0:00
Last Minute Defensive  - 0:00
Total
Forward - 60:00
Defense - 60:00

Play-by-Play

1st period


0:01 of 1st period - Mike Comrie wins face-off versus Evgeni Malkin in neutral zone.
0:08 of 1st period - Snap shot by Derek Boogaard.
0:08 of 1st period - Deflect By Evgeni Malkin.
0:08 of 1st period - Shot Misses the Net.
0:08 of 1st period - Puck is out of play.
0:09 of 1st period - Evgeni Malkin wins face-off versus Mike Comrie in Senateurs zone.
1:32 of 1st period - Snap shot by Martin Havlat.
1:32 of 1st period - Shot Blocked by Duncan Keith.
1:54 of 1st period - Snap shot by Martin Havlat.
1:54 of 1st period - Shot Blocked by Duncan Keith.
1:56 of 1st period - Wrist shot by Mike Lundin.
1:56 of 1st period - Stopped by Jaroslav Halak with a rebound.
1:58 of 1st period - Slapshot by Cam Fowler.
1:58 of 1st period - Shot Blocked by Jamie Benn.
2:00 of 1st period - Wrist shot by Cam Fowler.
2:00 of 1st period - Stopped by Jaroslav Halak without a rebound.
2:01 of 1st period - Peter Mueller wins face-off versus Daniel Briere in Senateurs zone.
2:06 of 1st period - Snap shot by Devin Setoguchi.
2:06 of 1st period - Stopped by Jaroslav Halak with a rebound.
2:08 of 1st period - Wrist shot by Peter Mueller.
2:08 of 1st period - Stopped by Jaroslav Halak without a rebound.
2:09 of 1st period - Daniel Briere wins face-off versus Peter Mueller in Senateurs zone.
2:42 of 1st period - Snap shot by Cody Eakin.
2:42 of 1st period - Deflect By Sergei Kostitsyn.
2:42 of 1st period - Stopped by Jaroslav Halak with a rebound.
2:44 of 1st period - Snap shot by Andreas Nodl.
2:44 of 1st period - Stopped by Jaroslav Halak without a rebound.
2:45 of 1st period - Daniel Briere wins face-off versus Cody Eakin in Senateurs zone.
2:54 of 1st period - Mark Giordano is hit by Cody Eakin and loses puck.
3:11 of 1st period - Dalton Prout is hit by Radim Vrbata and loses puck.
4:13 of 1st period - Slapshot by Daniel Briere.
4:13 of 1st period - Stopped by Rick DiPietro without a rebound.
4:14 of 1st period - Stephane Da Costa wins face-off versus Christian Hanson in Blue Jackets zone.
4:15 of 1st period - Slapshot by Dion Phaneuf.
4:15 of 1st period - Deflect By Sergei Kostitsyn.
4:15 of 1st period - Stopped by Rick DiPietro without a rebound.
4:16 of 1st period - Christian Hanson wins face-off versus Stephane Da Costa in Blue Jackets zone.
4:31 of 1st period - Wrist shot by Derek Boogaard.
4:31 of 1st period - Shot Misses the Net.
4:41 of 1st period - Dion Phaneuf is hit by Devin Setoguchi and loses puck.
4:52 of 1st period - Wrist shot by Peter Mueller.
4:52 of 1st period - Stopped by Jaroslav Halak with a rebound.
5:08 of 1st period - Mark Giordano is hit by A.J Thelen and loses puck.
5:13 of 1st period - Wrist shot by Cody Eakin.
5:13 of 1st period - Shot Misses the Net.
5:15 of 1st period - Slapshot by Rob Scuderi.
5:15 of 1st period - Deflect By Cody Eakin.
5:15 of 1st period - Stopped by Jaroslav Halak without a rebound.
5:16 of 1st period - Stephane Da Costa wins face-off versus Mike Comrie in Senateurs zone.
6:02 of 1st period - Dion Phaneuf is hit by Cody Eakin.
6:20 of 1st period - Snap shot by Branislav Mezei.
6:20 of 1st period - Stopped by Jaroslav Halak without a rebound.
6:21 of 1st period - Evgeni Malkin wins face-off versus Christian Hanson in Senateurs zone.
6:46 of 1st period - Peter Mueller is hit by Cody Franson and loses puck.
6:57 of 1st period - Nate Prosser is hit by Peter Mueller and loses puck.
7:20 of 1st period - Wrist shot by Sergei Kostitsyn.
7:20 of 1st period - Stopped by Rick DiPietro without a rebound.
7:21 of 1st period - Evgeni Malkin wins face-off versus Mike Comrie in Blue Jackets zone.
8:07 of 1st period - Wrist shot by Cody Eakin.
8:07 of 1st period - Shot Hit the Post.
8:20 of 1st period - Mike Lundin is hit by Carlo Colaiacovo and loses puck.
8:40 of 1st period - Minor Penalty to Arturs Kulda for Hooking.
8:41 of 1st period - Mike Comrie wins face-off versus Evgeni Malkin in Senateurs zone.
9:11 of 1st period - Evgeni Malkin is hit by Devin Setoguchi and loses puck.
10:14 of 1st period - Duncan Keith is hit by Devin Setoguchi and loses puck.
10:40 of 1st period - Penalty to Arturs Kulda is over, Arturs Kulda is back on ice.
10:50 of 1st period - Icing by Cody Eakin.
10:51 of 1st period - Cody Eakin wins face-off versus Stephane Da Costa in Blue Jackets zone.
11:24 of 1st period - Slapshot by Carlo Colaiacovo.
11:24 of 1st period - Stopped by Rick DiPietro with a rebound.
11:26 of 1st period - Slapshot by Carlo Colaiacovo.
11:26 of 1st period - Stopped by Rick DiPietro with a rebound.
11:32 of 1st period - Wrist shot by Radim Vrbata.
11:32 of 1st period - Shot Hit the Post.
11:48 of 1st period - Snap shot by Cody Eakin.
11:48 of 1st period - Shot Blocked by Mark Giordano.
11:54 of 1st period - Eric Wellwood is hit by Mark Giordano and loses puck.
12:14 of 1st period - Dalton Prout is hit by Carlo Colaiacovo and loses puck.
12:38 of 1st period - Off-side.
12:39 of 1st period - Evgeni Malkin wins face-off versus Mike Comrie in neutral zone.
13:12 of 1st period - Wrist shot by Peter Mueller.
13:12 of 1st period - Stopped by Jaroslav Halak without a rebound.
13:13 of 1st period - Peter Mueller wins face-off versus Daniel Briere in Senateurs zone.
13:16 of 1st period - Snap shot by Peter Mueller.
13:16 of 1st period - Stopped by Jaroslav Halak without a rebound.
13:17 of 1st period - Peter Mueller wins face-off versus Daniel Briere in Senateurs zone.
14:16 of 1st period - Minor Penalty to Mike Lundin for High sticking.
14:17 of 1st period - Derek Boogaard wins face-off versus Evgeni Malkin in Blue Jackets zone.
14:46 of 1st period - Slapshot by Colby Armstrong.
14:46 of 1st period - Shot Misses the Net.
14:48 of 1st period - Snap shot by Nate Prosser.
14:48 of 1st period - Stopped by Rick DiPietro with a rebound.
16:16 of 1st period - Penalty to Mike Lundin is over, Mike Lundin is back on ice.
16:41 of 1st period - Duncan Keith is hit by Tyler Kennedy and loses puck.
17:07 of 1st period - Mark Giordano is hit by A.J Thelen and loses puck.
18:02 of 1st period - Snap shot by Mike Lundin.
18:02 of 1st period - Stopped by Jaroslav Halak with a rebound.
18:41 of 1st period - Off-side.
18:42 of 1st period - Evgeni Malkin wins face-off versus Cody Eakin in neutral zone.
19:15 of 1st period - Snap shot by Daniel Briere.
19:15 of 1st period - Deflect By Max Pacioretty.
19:15 of 1st period - Stopped by Rick DiPietro without a rebound.
19:16 of 1st period - Peter Mueller wins face-off versus Daniel Briere in Blue Jackets zone.
19:31 of 1st period - Snap shot by Peter Mueller.
19:31 of 1st period - Stopped by Jaroslav Halak with a rebound.
19:41 of 1st period - Mike Lundin is hit by Phil Kessel and loses puck.
Goals for this period are 0 for Blue Jackets vs 0 for Senateurs.
Shots for this period are 13 for Blue Jackets vs 7 for Senateurs.

2nd period


0:01 of 2nd period - Evgeni Malkin wins face-off versus Mike Comrie in neutral zone.
0:04 of 2nd period - Martin Havlat is hit by Evgeni Malkin and loses puck.
0:13 of 2nd period - Snap shot by Evgeni Malkin.
0:13 of 2nd period - Shot Blocked by Mike Lundin.
0:15 of 2nd period - Slapshot by Dion Phaneuf.
0:15 of 2nd period - Deflect By Evgeni Malkin.
0:15 of 2nd period - Shot Misses the Net.
0:15 of 2nd period - Puck is out of play.
0:16 of 2nd period - Daniel Briere wins face-off versus Peter Mueller in Blue Jackets zone.
0:17 of 2nd period - Snap shot by Dion Phaneuf.
0:17 of 2nd period - Stopped by Rick DiPietro with a rebound.
0:19 of 2nd period - Wrist shot by Colby Armstrong.
0:19 of 2nd period - Shot Misses the Net.
0:21 of 2nd period - Wrist shot by Dion Phaneuf.
0:21 of 2nd period - Stopped by Rick DiPietro with a rebound.
0:40 of 2nd period - Icing by Daniel Sedin.
0:41 of 2nd period - Mike Comrie wins face-off versus Daniel Briere in Senateurs zone.
0:42 of 2nd period - Wrist shot by Derek Boogaard.
0:42 of 2nd period - Shot Blocked by Dion Phaneuf.
0:54 of 2nd period - Mike Comrie is hit by Duncan Keith.
1:08 of 2nd period - Daniel Briere is hit by Max Pacioretty.
1:29 of 2nd period - Minor Penalty to Peter Mueller for Delaying the game.
1:30 of 2nd period - Derek Boogaard wins face-off versus Evgeni Malkin in Blue Jackets zone.
2:31 of 2nd period - Nate Prosser is hit by Rob Scuderi and loses puck.
2:50 of 2nd period - A.J Thelen is hit by Michel Ouellet and loses puck.
3:27 of 2nd period - Evgeni Malkin is hit by Eric Wellwood and loses puck.
3:29 of 2nd period - Penalty to Peter Mueller is over, Peter Mueller is back on ice.
4:15 of 2nd period - Wrist shot by Evgeni Malkin.
4:15 of 2nd period - Shot Misses the Net.
4:17 of 2nd period - Slapshot by Mark Giordano.
4:17 of 2nd period - Deflect By Evgeni Malkin.
4:17 of 2nd period - Goal by Evgeni Malkin - Blue Jackets : 0 - Senateurs : 1.
4:18 of 2nd period - Mike Comrie wins face-off versus Daniel Briere in neutral zone.
4:44 of 2nd period - Cody Franson is hit by Max Pacioretty and loses puck.
5:50 of 2nd period - Dion Phaneuf is hit by Derek Boogaard and loses puck.
6:21 of 2nd period - Cody Franson is hit by Dalton Prout and loses puck.
8:03 of 2nd period - Icing by Mark Giordano.
8:04 of 2nd period - Daniel Briere wins face-off versus Cody Eakin in Senateurs zone.
8:13 of 2nd period - Snap shot by Daniel Briere.
8:13 of 2nd period - Stopped by Rick DiPietro with a rebound.
8:22 of 2nd period - Icing by Eric Wellwood.
8:23 of 2nd period - Cody Eakin wins face-off versus Stephane Da Costa in Blue Jackets zone.
8:50 of 2nd period - Slapshot by Mike Lundin.
8:50 of 2nd period - Shot Misses the Net.
8:52 of 2nd period - Wrist shot by Devin Setoguchi.
8:52 of 2nd period - Blue Jackets goal is going for a video replay.
8:52 of 2nd period - The goal is good.
8:52 of 2nd period - Goal by Devin Setoguchi - Blue Jackets : 1 - Senateurs : 1.
8:53 of 2nd period - Mike Comrie wins face-off versus Evgeni Malkin in neutral zone.
8:56 of 2nd period - Slapshot by Martin Havlat.
8:56 of 2nd period - Stopped by Jaroslav Halak without a rebound.
8:57 of 2nd period - Evgeni Malkin wins face-off versus Mike Comrie in Senateurs zone.
8:57 of 2nd period - Evgeni Malkin is hit by Martin Havlat.
9:26 of 2nd period - Dion Phaneuf is hit by Mike Lundin and loses puck.
9:39 of 2nd period - Minor Penalty to Cam Fowler for Tripping.
9:40 of 2nd period - Derek Boogaard wins face-off versus Evgeni Malkin in Blue Jackets zone.
10:09 of 2nd period - Slapshot by Cody Franson.
10:09 of 2nd period - Stopped by Rick DiPietro without a rebound.
10:10 of 2nd period - Daniel Briere wins face-off versus Martin Havlat in Blue Jackets zone.
10:11 of 2nd period - Snap shot by Daniel Sedin.
10:11 of 2nd period - Goal by Daniel Sedin - Blue Jackets : 1 - Senateurs : 2.
10:12 of 2nd period - Evgeni Malkin wins face-off versus Mike Comrie in neutral zone.
10:38 of 2nd period - Max Pacioretty is hit by Colby Armstrong and loses puck.
10:49 of 2nd period - Wrist shot by Devin Setoguchi.
10:49 of 2nd period - Stopped by Jaroslav Halak with a rebound.
10:58 of 2nd period - Off-side.
10:59 of 2nd period - Cody Eakin wins face-off versus Stephane Da Costa in neutral zone.
11:17 of 2nd period - Minor Penalty to Stephane Da Costa for Hooking.
11:18 of 2nd period - Martin Havlat wins face-off versus Evgeni Malkin in Senateurs zone.
11:52 of 2nd period - Duncan Keith is hit by Devin Setoguchi and loses puck.
11:59 of 2nd period - Wrist shot by Peter Mueller.
11:59 of 2nd period - Shot Misses the Net.
12:01 of 2nd period - Snap shot by Peter Mueller.
12:01 of 2nd period - Stopped by Jaroslav Halak with a rebound.
13:17 of 2nd period - Penalty to Stephane Da Costa is over, Stephane Da Costa is back on ice.
13:27 of 2nd period - Snap shot by Stephane Da Costa.
13:27 of 2nd period - Shot Blocked by Eric Wellwood.
14:01 of 2nd period - Daniel Briere is hit by Andreas Nodl and loses puck.
14:32 of 2nd period - Minor Penalty to Evgeni Malkin for Tripping.
14:33 of 2nd period - Peter Mueller wins face-off versus Ryan Hollweg in Senateurs zone.
15:03 of 2nd period - Off-side.
15:04 of 2nd period - Ryan Hollweg wins face-off versus Mike Comrie in neutral zone.
15:15 of 2nd period - Snap shot by Mike Comrie.
15:15 of 2nd period - Goal by Mike Comrie - Blue Jackets : 2 - Senateurs : 2.
15:16 of 2nd period - Evgeni Malkin wins face-off versus Mike Comrie in neutral zone.
15:25 of 2nd period - Snap shot by Phil Kessel.
15:25 of 2nd period - Stopped by Rick DiPietro without a rebound.
15:26 of 2nd period - Evgeni Malkin wins face-off versus Mike Comrie in Blue Jackets zone.
15:27 of 2nd period - Slapshot by Phil Kessel.
15:27 of 2nd period - Shot Blocked by Cam Fowler.
15:33 of 2nd period - Evgeni Malkin is hit by Cam Fowler and loses puck.
15:38 of 2nd period - Slapshot by Martin Havlat.
15:38 of 2nd period - Stopped by Jaroslav Halak with a rebound.
15:40 of 2nd period - Snap shot by Mike Comrie.
15:40 of 2nd period - Shot Blocked by Dion Phaneuf.
15:48 of 2nd period - Wrist shot by Derek Boogaard.
15:48 of 2nd period - Stopped by Jaroslav Halak with a rebound.
15:54 of 2nd period - Snap shot by Derek Boogaard.
15:54 of 2nd period - Stopped by Jaroslav Halak with a rebound.
15:56 of 2nd period - Snap shot by Mike Comrie.
15:56 of 2nd period - Stopped by Jaroslav Halak with a rebound.
16:08 of 2nd period - Snap shot by Mike Comrie.
16:08 of 2nd period - Shot Misses the Net.
16:10 of 2nd period - Slapshot by Mike Comrie.
16:10 of 2nd period - Stopped by Jaroslav Halak without a rebound.
16:11 of 2nd period - Devin Setoguchi wins face-off versus Daniel Briere in Senateurs zone.
16:38 of 2nd period - Nate Prosser is hit by Branislav Mezei and loses puck.
16:53 of 2nd period - Colby Armstrong is hit by Andreas Nodl and loses puck.
17:04 of 2nd period - Nate Prosser is hit by Christian Hanson and loses puck.
17:31 of 2nd period - Derek Boogaard is hit by Cody Franson and loses puck.
17:56 of 2nd period - Slapshot by Cody Franson.
17:56 of 2nd period - Stopped by Rick DiPietro with a rebound.
18:16 of 2nd period - Snap shot by Ryan Hollweg.
18:16 of 2nd period - Deflect By Evgeni Malkin.
18:16 of 2nd period - Deflect By Max Pacioretty.
18:16 of 2nd period - Shot Misses the Net.
18:16 of 2nd period - Puck is out of play.
18:17 of 2nd period - Evgeni Malkin wins face-off versus Andreas Nodl in Blue Jackets zone.
18:22 of 2nd period - Snap shot by Michel Ouellet.
18:22 of 2nd period - Stopped by Rick DiPietro with a rebound.
18:24 of 2nd period - Wrist shot by Michel Ouellet.
18:24 of 2nd period - Shot Blocked by Andreas Nodl.
18:26 of 2nd period - Wrist shot by Michel Ouellet.
18:26 of 2nd period - Goal by Michel Ouellet - Blue Jackets : 2 - Senateurs : 3.
18:27 of 2nd period - Evgeni Malkin wins face-off versus Derek Boogaard in neutral zone.
18:30 of 2nd period - Wrist shot by Evgeni Malkin.
18:30 of 2nd period - Deflect By Phil Kessel.
18:30 of 2nd period - Goal by Phil Kessel - Blue Jackets : 2 - Senateurs : 4.
18:30 of 2nd period - Andrei Vasilevskiy enters game.
18:31 of 2nd period - Evgeni Malkin wins face-off versus Mike Comrie in neutral zone.
18:36 of 2nd period - Slapshot by Evgeni Malkin.
18:36 of 2nd period - Stopped by Andrei Vasilevskiy with a rebound.
18:58 of 2nd period - Mike Lundin is hit by Duncan Keith and loses puck.
19:33 of 2nd period - Slapshot by Andreas Nodl.
19:33 of 2nd period - Stopped by Jaroslav Halak without a rebound.
19:34 of 2nd period - Evgeni Malkin wins face-off versus Mike Comrie in Senateurs zone.
Goals for this period are 2 for Blue Jackets vs 4 for Senateurs.
Shots for this period are 11 for Blue Jackets vs 12 for Senateurs.

3rd period


0:01 of 3rd period - Evgeni Malkin wins face-off versus Mike Comrie in neutral zone.
0:21 of 3rd period - Duncan Keith is hit by Martin Havlat and loses puck.
0:29 of 3rd period - Icing by Dion Phaneuf.
0:30 of 3rd period - Daniel Briere wins face-off versus Devin Setoguchi in Senateurs zone.
0:57 of 3rd period - Nate Prosser is hit by Martin Havlat and loses puck.
1:21 of 3rd period - Icing by Evgeni Malkin.
1:22 of 3rd period - Evgeni Malkin wins face-off versus Peter Mueller in Senateurs zone.
1:29 of 3rd period - Slapshot by Evgeni Malkin.
1:29 of 3rd period - Stopped by Andrei Vasilevskiy without a rebound.
1:30 of 3rd period - Evgeni Malkin wins face-off versus Peter Mueller in Blue Jackets zone.
1:31 of 3rd period - Snap shot by Phil Kessel.
1:31 of 3rd period - Stopped by Andrei Vasilevskiy with a rebound.
2:02 of 3rd period - Icing by Duncan Keith.
2:03 of 3rd period - Daniel Briere wins face-off versus Mike Comrie in Senateurs zone.
2:10 of 3rd period - Snap shot by Martin Havlat.
2:10 of 3rd period - Shot Misses the Net.
2:12 of 3rd period - Wrist shot by Martin Havlat.
2:12 of 3rd period - Goal by Martin Havlat - Blue Jackets : 3 - Senateurs : 4.
2:13 of 3rd period - Evgeni Malkin wins face-off versus Mike Comrie in neutral zone.
2:25 of 3rd period - Wrist shot by Evgeni Malkin.
2:25 of 3rd period - Shot Blocked by Martin Havlat.
2:27 of 3rd period - Snap shot by Duncan Keith.
2:27 of 3rd period - Stopped by Andrei Vasilevskiy without a rebound.
2:28 of 3rd period - Jamie Benn wins face-off versus Peter Mueller in Blue Jackets zone.
2:29 of 3rd period - Wrist shot by Phil Kessel.
2:29 of 3rd period - Stopped by Andrei Vasilevskiy without a rebound.
2:30 of 3rd period - Evgeni Malkin wins face-off versus Peter Mueller in Blue Jackets zone.
3:05 of 3rd period - Wrist shot by Eric Wellwood.
3:05 of 3rd period - Stopped by Jaroslav Halak with a rebound.
3:09 of 3rd period - Snap shot by Cody Eakin.
3:09 of 3rd period - Shot Blocked by Phil Kessel.
3:11 of 3rd period - Slapshot by Cam Fowler.
3:11 of 3rd period - Shot Misses the Net.
3:13 of 3rd period - Slapshot by Cam Fowler.
3:13 of 3rd period - Deflect By Cody Eakin.
3:13 of 3rd period - Stopped by Jaroslav Halak without a rebound.
3:14 of 3rd period - Daniel Briere wins face-off versus Mike Comrie in Senateurs zone.
3:16 of 3rd period - Minor Penalty to Colby Armstrong for Tripping.
3:17 of 3rd period - Evgeni Malkin wins face-off versus Mike Comrie in Senateurs zone.
5:09 of 3rd period - Martin Havlat is hit by Daniel Briere and loses puck.
5:15 of 3rd period - Icing by Rob Scuderi.
5:16 of 3rd period - Penalty to Colby Armstrong is over, Colby Armstrong is back on ice.
5:16 of 3rd period - Stephane Da Costa wins face-off versus Mike Comrie in Blue Jackets zone.
5:25 of 3rd period - Snap shot by Radim Vrbata.
5:25 of 3rd period - Shot Misses the Net.
5:27 of 3rd period - Wrist shot by Sergei Kostitsyn.
5:27 of 3rd period - Shot Blocked by Branislav Mezei.
6:05 of 3rd period - Wrist shot by Evgeni Malkin.
6:05 of 3rd period - Shot Blocked by Devin Setoguchi.
6:36 of 3rd period - Slapshot by Duncan Keith.
6:36 of 3rd period - Stopped by Andrei Vasilevskiy with a rebound.
6:46 of 3rd period - Mike Comrie is hit by Nate Prosser and loses puck.
7:56 of 3rd period - Minor Penalty to Rob Scuderi for Holding.
7:57 of 3rd period - Derek Boogaard wins face-off versus Evgeni Malkin in Blue Jackets zone.
8:27 of 3rd period - Snap shot by Colby Armstrong.
8:27 of 3rd period - Shot Misses the Net.
8:29 of 3rd period - Snap shot by Colby Armstrong.
8:29 of 3rd period - Shot Misses the Net.
9:56 of 3rd period - Penalty to Rob Scuderi is over, Rob Scuderi is back on ice.
10:09 of 3rd period - Radim Vrbata is hit by Branislav Mezei.
10:32 of 3rd period - Minor Penalty to Ryan Hollweg for Tripping.
10:33 of 3rd period - Evgeni Malkin wins face-off versus Mike Comrie in Senateurs zone.
10:45 of 3rd period - Snap shot by Martin Havlat.
10:45 of 3rd period - Shot Misses the Net.
11:40 of 3rd period - Snap shot by Phil Kessel.
11:40 of 3rd period - Shot Misses the Net.
12:07 of 3rd period - Peter Mueller is hit by Cody Franson and loses puck.
12:28 of 3rd period - Mike Lundin is hit by Daniel Briere and loses puck.
12:32 of 3rd period - Penalty to Ryan Hollweg is over, Ryan Hollweg is back on ice.
12:38 of 3rd period - Off-side.
12:39 of 3rd period - Stephane Da Costa wins face-off versus Cody Eakin in neutral zone.
12:55 of 3rd period - Cody Eakin is hit by Stephane Da Costa.
13:10 of 3rd period - Snap shot by Sergei Kostitsyn.
13:10 of 3rd period - Shot Misses the Net.
13:18 of 3rd period - Slapshot by Derek Boogaard.
13:18 of 3rd period - Shot Misses the Net.
13:20 of 3rd period - Snap shot by Derek Boogaard.
13:20 of 3rd period - Stopped by Jaroslav Halak without a rebound.
13:21 of 3rd period - Evgeni Malkin wins face-off versus Christian Hanson in Senateurs zone.
13:32 of 3rd period - Snap shot by Evgeni Malkin.
13:32 of 3rd period - Stopped by Andrei Vasilevskiy with a rebound.
13:39 of 3rd period - Minor Penalty to Cody Franson for Tripping.
13:40 of 3rd period - Phil Kessel wins face-off versus Mike Comrie in Senateurs zone.
13:47 of 3rd period - Slapshot by Mike Comrie.
13:47 of 3rd period - Shot Misses the Net.
13:49 of 3rd period - Snap shot by Derek Boogaard.
13:49 of 3rd period - Goal by Derek Boogaard - Blue Jackets : 4 - Senateurs : 4.
13:50 of 3rd period - Evgeni Malkin wins face-off versus Mike Comrie in neutral zone.
13:57 of 3rd period - Snap shot by Evgeni Malkin.
13:57 of 3rd period - Stopped by Andrei Vasilevskiy with a rebound.
14:20 of 3rd period - Wrist shot by Cody Eakin.
14:20 of 3rd period - Stopped by Jaroslav Halak with a rebound.
15:04 of 3rd period - Wrist shot by Derek Boogaard.
15:04 of 3rd period - Stopped by Jaroslav Halak without a rebound.
15:05 of 3rd period - Cody Eakin wins face-off versus Evgeni Malkin in Senateurs zone.
15:08 of 3rd period - Snap shot by Eric Wellwood.
15:08 of 3rd period - Stopped by Jaroslav Halak with a rebound.
15:18 of 3rd period - Dalton Prout is hit by Phil Kessel and loses puck.
15:39 of 3rd period - Slapshot by Dion Phaneuf.
15:39 of 3rd period - Stopped by Andrei Vasilevskiy with a rebound.
16:32 of 3rd period - Slapshot by Eric Wellwood.
16:32 of 3rd period - Goal by Eric Wellwood - Blue Jackets : 5 - Senateurs : 4.
16:33 of 3rd period - Evgeni Malkin wins face-off versus Mike Comrie in neutral zone.
16:42 of 3rd period - Wrist shot by Phil Kessel.
16:42 of 3rd period - Shot Misses the Net.
16:44 of 3rd period - Snap shot by Phil Kessel.
16:44 of 3rd period - Stopped by Andrei Vasilevskiy without a rebound.
16:45 of 3rd period - Evgeni Malkin wins face-off versus Mike Comrie in Blue Jackets zone.
16:49 of 3rd period - Minor Penalty to Branislav Mezei for Holding.
16:50 of 3rd period - Evgeni Malkin wins face-off versus Derek Boogaard in Blue Jackets zone.
16:50 of 3rd period - Snap shot by Jamie Benn.
16:50 of 3rd period - Stopped by Andrei Vasilevskiy with a rebound.
16:52 of 3rd period - Wrist shot by Evgeni Malkin.
16:52 of 3rd period - Shot Misses the Net.
17:50 of 3rd period - Colby Armstrong is hit by Martin Havlat.
18:49 of 3rd period - Penalty to Branislav Mezei is over, Branislav Mezei is back on ice.
18:53 of 3rd period - Senateurs, Jaroslav Halak is pulled from the net.
18:55 of 3rd period - Snap shot by Michel Ouellet.
18:55 of 3rd period - Shot Misses the Net.
19:09 of 3rd period - Backhand shot by Cody Eakin.
19:09 of 3rd period - Goal by Cody Eakin - Blue Jackets : 6 - Senateurs : 4.
19:09 of 3rd period - Jaroslav Halak from Senateurs was sent back in the game.
19:10 of 3rd period - Radim Vrbata wins face-off versus Christian Hanson in neutral zone.
19:12 of 3rd period - Nate Prosser is hit by Cam Fowler.
19:14 of 3rd period - Snap shot by Sergei Kostitsyn.
19:14 of 3rd period - Stopped by Andrei Vasilevskiy with a rebound.
19:40 of 3rd period - Wrist shot by Cody Eakin.
19:40 of 3rd period - Stopped by Jaroslav Halak with a rebound.
Goals for this period are 4 for Blue Jackets vs 0 for Senateurs.
Shots for this period are 11 for Blue Jackets vs 11 for Senateurs.